 Dungeon Crawl Stone Soup version 0.28-a0-1382-g92835e5c71 (webtiles) character file.

Game seed: 4273178270868609600

62 strifetoe the Ruffian (level 3, 0/28 HPs)
             Began as a Draconian Transmuter on Jan 1, 2022.
             Slain by a gnoll (2 damage)
             ... on level 1 of the Dungeon.
             The game lasted 00:02:07 (1764 turns).

strifetoe the Ruffian (Draconian Transmuter)        Turns: 1764, Time: 00:02:07

Health: 0/28       AC:  8    Str: 14    XL:     3   Next: 85%
Magic:  5/6        EV: 12    Int: 13    God:
Gold:   62         SH:  0    Dex: 11    Spells: 2/6 levels left

rFire   . . .      SeeInvis .     - Unarmed
rCold   . . .      Faith    .   (no shield)
rNeg    . . .      Spirit   .   (armour unavailable)
rPois   .          Reflect  .   (helmet currently unavailable)
rElec   .          Harm     .   f - +1 cloak
rCorr   .          Rampage  .   d - +0 pair of gloves
Will    .....                   (boots currently unavailable)
Stlth   +.........              (no amulet)
HPRegen 0.09/turn               (no ring)
MPRegen 0.10/turn               (no ring)

@: appendages
A: horns 2, talons 2, AC +5, unfitting armour, cold-blooded
a: End Transformation


You were on level 1 of the Dungeon.
You had temporarily grown beastly horns and talons.
You visited 1 branch of the dungeon, and saw 2 of its levels.

You collected 62 gold pieces.

Inventory:

Hand Weapons
 b - a +0 flail
Armour
 d - a +0 pair of gloves (worn)
 f - a +1 cloak (worn)
Scrolls
 a - a scroll of enchant weapon {unknown}
 c - a scroll of blinking {unknown}


   Skills:
 - Level 1.1 Fighting
 - Level 1.7 Dodging
 + Level 4.8 Unarmed Combat
 - Level 2.0 Spellcasting
 - Level 2.0 Transmutations


You had 2 spell levels left.
You knew the following spells:

 Your Spells              Type           Power      Damage    Failure   Level
a - Beastly Appendage     Tmut           12%        N/A       11%         1
b - Spider Form           Tmut/Pois      3%         N/A       45%         3

Your spell library contained the following spells:

 Spells                   Type           Power      Damage    Failure   Level
 Wereblood                Tmut           6%         N/A       17%         2
 Static Discharge         Conj/Air       1%         N/A       36%         2
 Ice Form                 Ice/Tmut       3%         N/A       86%         4
 Lightning Bolt           Conj/Air       0%         1d11      100%        5
 Maxwell's Capacitive Co  Air            0%         ∞         100%        8


Dungeon Overview and Level Annotations

Branches:
Dungeon (2/15)

Altars:

Shops:
D:1 :


Innate Abilities, Weirdness & Mutations

You have temporarily grown beastly horns and talons.
Your plain brown scales are hard. (AC +5)
You cannot fit into any form of body armour.
You are cold-blooded and may be slowed by cold attacks.


Message History

Unknown command.
The gnoll closely misses you. x2
You climb upwards.
There is a stone staircase leading down here.
Unknown command.
The gnoll hits you with a +0 flail!
* * * LOW HITPOINT WARNING * * *
Your magical contamination has completely faded away.
The gnoll closely misses you.
You aren't carrying any items that you can evoke.
Unknown command.
Casting: Beastly Appendage (safe; 11% risk of failure)
Confirm with . or Enter, or press ? or * to list all spells.
Okay, then.
Casting: Beastly Appendage (safe; 11% risk of failure)
Confirm with . or Enter, or press ? or * to list all spells.
Okay, then.
Okay, then.
Okay, then.
It was a potion of curing.
You feel better. The gnoll hits you with a +0 flail.
There is an open door here.
Casting: Beastly Appendage (safe; 11% risk of failure)
Confirm with . or Enter, or press ? or * to list all spells.
You grow a pair of large bovine horns.
Your feet morph into talons.
The gnoll hits you with a +0 flail.
You hit the gnoll. Your kick misses the gnoll. You headbutt the gnoll.
You tail-slap the gnoll.
You kill the gnoll!
You closely miss the gnoll. You headbutt the gnoll.
You tail-slap the gnoll, but do no damage.
The gnoll is moderately wounded.
The gnoll hits you with a +0 flail!
* * * LOW HITPOINT WARNING * * *
You barely miss the gnoll. Your headbutt misses the gnoll.
The gnoll is moderately wounded.
The gnoll misses you.
You barely miss the gnoll.
The gnoll is moderately wounded.
The gnoll hits you with a +0 flail.
You die...

.....#.#.........#.###########.##
.....'.'....)...(#.# #...
.....#.#.........#.# ####
....##.##.......##.#
...###'####...###..#
#####...#####'##..##
###.......###.##.##
.#.........#...#.#
.+....<....+...#@#
.#.........#...#g#
###.......###..#.########
#####...#####.##.#......#
.#####+#####..#..#.####.#
.............##.##.####.#
##############..##......#
...............)........#######
##.....>.....#.####...........#


You could see a gnoll.

Vanquished Creatures
  3 gnolls (D:1)
  A worm (D:2)
  2 giant cockroaches
  A goblin (D:1)
  A hobgoblin (D:1)
  3 jackals (D:1)
  6 kobolds
  2 quokkas (D:1)
  7 ball pythons
  4 frilled lizards (D:1)
  2 rats (D:1)
32 creatures vanquished.

Notes
Turn   | Place    | Note
-------+----------+-------------------------------------------
     0 | D:1      | strifetoe the Draconian Transmuter began the quest for the
                  | Orb.
     0 | D:1      | Reached XP level 1. HP: 16/16 MP: 3/3
   318 | D:1      | Reached XP level 2. HP: 21/23 MP: 5/5
   410 | D:1      | Reached skill level 4 in Unarmed Combat
   579 | D:1      | Reached XP level 3. HP: 5/28 MP: 6/6
   902 | D:1      | Learned a level 3 spell: Spider Form
  1037 | D:1      | Found a faded altar of an unknown god.
  1172 | D:1      | Found Woaduq's Book Shop.
  1764 | D:1      | Slain by a gnoll

Illustrated notes

Levels and vault maps discovered:
D:1:      dpeg_arrival_three_smaller_balls, layout_basic, serial_shops,
          nicolae_shop_crystal, ebering_ecumenical_altar_ruins, minmay_3d_cube
D:2:      layout_rooms

Skill      XL: |  1  2 |
---------------+-------+-----
Unarmed Combat | 4 |  4.8
Fighting       | |  1.1
Dodging        | |  1.7
Spellcasting   | |  2.0
Transmutations | |  2.0

Action                   || total
-------------------------++-------
Melee: Unarmed           ||   113
       Tailslap          ||    14
       Headbutt          ||     8
       Kick              ||     6
       Punch             ||     1
 Cast: Beastly Appendage ||     9
  Use: Potion            ||     1
 Stab: Sleeping          ||     1
Armor: Skin              ||    24
Dodge: Dodged            ||    88

Table legend: (Time is in decaauts)
 A = Elapsed time spent in this place.
 B = Non-inter-level travel time spent in this place.
 C = Inter-level travel time spent in this place.
 D = Time resting spent in this place.
 E = Time spent auto-exploring this place.
 F = Levels seen in this place.
 G = Mean time per level.
                   A        B        C        D        E       F      G
               +--------+--------+--------+--------+--------+-----+--------+
         Total |   1757 |   1735 |     22 |    708 |    708 |   2 |  878.5 |
       Dungeon |   1757 |   1735 |     22 |    708 |    708 |   2 |  878.5 |
               +--------+--------+--------+--------+--------+-----+--------+

Top non-repeatable levels by time:
     D:1: 1539 daAuts
     D:2: 218 daAuts
